 Dungeon Crawl Stone Soup version 0.24.0-41-g2ae2f7f1be (webtiles) character file.

Game seed: 17337511985626159393, levelgen mode: deterministic

9175 grindst0ne the Fighter (level 11, -1/95 HPs)
             Began as a Human Artificer on Dec 11, 2019.
             Was a Follower of Nemelex Xobeh.
             Succumbed to Maurice's poison
             ... on level 8 of the Dungeon.
             The game lasted 00:26:42 (7794 turns).

grindst0ne the Fighter (Human Artificer)            Turns: 7794, Time: 00:26:42

Health: -1/95      AC: 14    Str: 20    XL:     11   Next: 69%
Magic:  14/17      EV: 11    Int: 12    God:    Nemelex Xobeh [*.....]
Gold:   0          SH:  0    Dex: 14    Spells: 8/10 levels left

rFire    . . .     SeeInvis .   a - +5 quarterstaff (chaos)
rCold    . . .     Gourm    .   (shield currently unavailable)
rNeg     . . .     Faith    .   H - +3 chain mail
rPois    .         Spirit   .   w - +0 helmet
rElec    .         Reflect  .   g - +0 cloak
rCorr    .         Harm     .   p - +0 pair of gloves
MR       .....     Clarity  +   (no boots)
Stlth    ..........             (no amulet)
HPRegen  0.25/turn              (no ring)
MPRegen  0.15/turn              (no ring)

@: mighty, lethally poisoned (-1 -> -39), flying
A: clarity, screaming 1
a: Draw Escape, Draw Destruction, Draw Summoning, Renounce Religion


You were on level 8 of the Dungeon.
You worshipped Nemelex Xobeh.
Nemelex Xobeh was aware of your devotion.
You were not hungry.

You visited 1 branch of the dungeon, and saw 8 of its levels.

Inventory:

Hand Weapons
 a - a +5 quarterstaff of chaos (weapon)
 G - a cursed -1 quarterstaff
Armour
 c - a +3 leather armour
 g - a +0 cloak (worn)
 p - a +0 pair of gloves (worn)
 w - a +0 helmet (worn)
 B - a +0 chain mail
 H - a +3 chain mail (worn)
Jewellery
 y - a +2 ring of protection
Scrolls
 i - a scroll of random uselessness {unknown}
 l - 2 scrolls of immolation
 m - 3 scrolls of enchant weapon
 o - a scroll of enchant armour {unknown}
 q - 2 scrolls of fear {unknown}
 s - 2 scrolls of magic mapping
 t - 3 scrolls of teleportation {unknown}
 v - a scroll of fog {unknown}
 E - 3 scrolls of remove curse
 I - a scroll of amnesia {unknown}
Potions
 j - 2 potions of brilliance
 k - a potion of agility
Comestibles
 b - 2 chunks of flesh
 f - 13 rations


   Skills:
 + Level 12.2 Fighting
   Level 1.0 Short Blades
 + Level 8.7 Dodging
 - Level 1.0 Stealth
 + Level 8.6 Invocations
   Level 6.0 Evocations


You had 8 spell levels left.
You knew the following spells:

 Your Spells              Type           Power        Failure   Level  Hunger
a - Blink                 Tloc           N/A          99%         2    ###....

Your spell library contained the following spells:

 Spells                   Type           Power        Failure   Level  Hunger
 Flame Tongue             Conj/Fire      #....        99%         1    ##.....
 Magic Dart               Conj           #...         99%         1    ##.....
 Call Imp                 Summ           #.......     99%         2    ###....
 Slow                     Hex            #.......     99%         2    ###....
 Throw Flame              Conj/Fire      #.....       99%         2    ###....
 Conjure Flame            Conj/Fire      #.......     100%        3    ####...
 Inner Flame              Hex/Fire       #.......     100%        3    ####...
 Mephitic Cloud           Conj/Pois/Air  #.......     100%        3    ####...
 Sticky Flame             Conj/Fire      #.......     100%        4    #####..
 Fireball                 Conj/Fire      #.........   100%        5    ######.


Dungeon Overview and Level Annotations

Branches:
Dungeon (8/15)             Temple (0/1) D:6            Lair (0/6) D:8

Altars:
Hepliaklqana
Makhleb
Nemelex Xobeh
Sif Muna
Vehumet
Wu Jian
Zin

Annotations:
D:4 exclusion: downstairs
D:8 Maurice


Innate Abilities, Weirdness & Mutations

You possess an exceptional clarity of mind.
You occasionally shout uncontrollably at your foes.


Message History

Your Fighting skill increases to level 12!
Your Dodging skill gained 2 levels and is now at level 8!
Your Invocations skill gained 3 levels and is now at level 8!
You have reached level 11!
* * * LOW HITPOINT WARNING * * *
You feel very sick. Something hits you.
* * * LOW HITPOINT WARNING * * *
Something mutters, "Now where did you hide it?"
You hear some strange, mumbled words.
It was a potion of might.
You feel very mighty all of a sudden.
* * * LOW HITPOINT WARNING * * *
You feel very sick.
You hear a zap.
Your will is overpowered!
You feel momentarily confused.
Okay, then.
You die...
Your body disappears without a glow.

......#..........##.####.........
...............###...###.........
...............#.....#...........
..................#....#...%.##..
#.........#......##....#.........
#.........#......#..#.##........#
.................#....##........#
.......................#.........
<..##...........@................
#.##########....###..............
#.#.#.#.####.........#..........#
#.#.#.#.#ยง##.........##.##......#
#...'.#.#'##...._....##.###.....#
..>.#.)....#.............# #...#.
....#.#.#..#.......####.##.#...#
#...########.##.#...##..#.......
...............<................


There were no monsters in sight!

Vanquished Creatures
  Harold (D:8)
  Joseph (D:8)
  Psyche (D:8)
  A hippogriff (D:7)
  A hungry ghost (D:7)
  Edmund (D:5)
  A water moccasin (D:5)
  2 orc warriors
  3 sky beasts
  2 phantoms (D:4)
  A wolf (D:7)
  2 centaurs
  5 bullfrogs
  A scorpion (D:8)
  A killer bee (D:8)
  A howler monkey (D:6)
  2 crimson imps (D:6)
  A centaur zombie (D:7)
  2 hounds
  3 jellies
  5 orc priests
  2 bullfrog zombies (D:5)
  5 orc wizards
  A bullfrog skeleton (D:5)
  Crazy Yiuf (D:2)
  11 worker ants
  3 hound skeletons
  4 gnolls (D:6)
  9 adders
  6 shadow imps
  3 oozes
  An adder zombie (D:7)
  3 dart slugs
  4 leopard geckos
  25 orcs
  5 giant cockroaches
  10 goblins
  15 hobgoblins
  2 jackals (D:2)
  A ball python (D:1)
  8 bats
  5 frilled lizards
  A giant cockroach zombie (D:5)
  7 kobolds
  6 rats
176 creatures vanquished.

Vanquished Creatures (collateral kills)
  2 wolves (D:7)
  A quasit (D:8)
  A worm (D:4)
  2 orcs (D:8)
6 creatures vanquished.

Vanquished Creatures (others)
  An orc (D:8)
  A bush (D:8)
2 creatures vanquished.

Grand Total: 184 creatures vanquished

Notes
Turn   | Place    | Note
-------+----------+-------------------------------------------
     0 | D:1      | grindst0ne the Human Artificer began the quest for the Orb.
     0 | D:1      | Reached XP level 1. HP: 15/15 MP: 3/3
   134 | D:1      | Reached XP level 2. HP: 15/22 MP: 4/4
   179 | D:1      | Reached skill level 2 in Fighting
   398 | D:1      | Reached XP level 3. HP: 22/28 MP: 5/5
   523 | D:1      | Reached skill level 3 in Fighting
   990 | D:2      | Reached XP level 4. HP: 10/35 MP: 6/6
  1160 | D:2      | Reached skill level 4 in Fighting
  1982 | D:2      | Found a runed translucent door.
  1985 | D:2      | Noticed Crazy Yiuf
  2002 | D:2      | Killed Crazy Yiuf
  2002 | D:2      | Reached XP level 5. HP: 22/43 MP: 7/7
  2646 | D:3      | Found a glowing silver altar of Zin.
  2803 | D:3      | Reached skill level 5 in Fighting
  3099 | D:4      | Reached XP level 6. HP: 46/51 MP: 8/8
  3131 | D:4      | Noticed a phantom
  3171 | D:4      | Killed a phantom
  3171 | D:4      | Reached skill level 6 in Fighting
  3223 | D:4      | Reached XP level 7. HP: 8/59 MP: 9/9
  3533 | D:4      | Reached skill level 7 in Fighting
  3541 | D:4      | Found a radiant altar of Vehumet.
  3658 | D:4      | HP: 1/60 [orc priest/divine providence (9)]
  4009 | D:4      | Reached skill level 8 in Fighting
  4171 | D:5      | Entered Level 5 of the Dungeon
  4171 | D:5      | Found a sparkling altar of Nemelex Xobeh.
  4219 | D:5      | Noticed a water moccasin
  4227 | D:5      | Killed a water moccasin
  4227 | D:5      | Reached XP level 8. HP: 64/69 MP: 10/10
  4534 | D:5      | Reached skill level 9 in Fighting
  4624 | D:5      | Found a shimmering blue altar of Sif Muna.
  4857 | D:5      | Found an ornate altar of the Wu Jian Council.
  4860 | D:5      | Found a hazy altar of Hepliaklqana.
  4889 | D:5      | Noticed Edmund
  4899 | D:5      | Killed Edmund
  5299 | D:5      | Became a worshipper of Nemelex Xobeh the Trickster
  5385 | D:6      | Reached XP level 9. HP: 75/78 MP: 11/11
  5403 | D:6      | Reached skill level 1 in Invocations
  5434 | D:6      | Received a gift from Nemelex Xobeh
  5455 | D:6      | Found a staircase to the Ecumenical Temple.
  5578 | D:6      | Reached skill level 10 in Fighting
  5765 | D:7      | Received a gift from Nemelex Xobeh
  6089 | D:7      | Noticed a hippogriff
  6095 | D:7      | Killed a hippogriff
  6107 | D:7      | Learned a level 2 spell: Blink
  6120 | D:7      | Reached skill level 5 in Dodging
  6147 | D:7      | Found a shimmering blue altar of Sif Muna.
  6154 | D:7      | Reached * piety under Nemelex Xobeh
  6491 | D:8      | Noticed Joseph
  6551 | D:8      | Noticed Harold
  6723 | D:8      | Noticed Grum
  6728 | D:7      | Reached skill level 5 in Evocations
  6728 | D:7      | Reached XP level 10. HP: 74/86 MP: 13/13
  6941 | D:8      | Noticed Grum
  6941 | D:8      | Grum changed into Grum the killer bee
  6944 | D:8      | Killed Grum the killer bee
  6950 | D:8      | Noticed Maurice
  6979 | D:8      | Found a staircase to the Lair.
  6987 | D:8      | Received a gift from Nemelex Xobeh
  7245 | D:8      | Killed Joseph
  7245 | D:8      | Reached skill level 5 in Invocations
  7263 | D:8      | Paralysed by Harold for 4 turns
  7272 | D:8      | Killed Harold
  7272 | D:8      | Reached skill level 11 in Fighting
  7279 | D:8      | Gained mutation: You occasionally shout uncontrollably at
                  | your foes. [potion of mutation]
  7279 | D:8      | Gained mutation: You possess an exceptional clarity of
                  | mind. [potion of mutation]
  7311 | D:8      | Found a burning altar of Makhleb.
  7579 | D:8      | Noticed Psyche
  7740 | D:8      | Killed Psyche
  7792 | D:8      | Reached skill level 12 in Fighting
  7792 | D:8      | Reached XP level 11. HP: 14/95 MP: 14/17
  7793 | D:8      | HP: 2/95 [poisoned by Maurice]
  7794 | D:8      | Succumbed to Maurice's poison

Levels and vault maps discovered:
D:1:      tarquinn_simple_flora_water_a, layout_loops_corners
D:2:      layout_rooms, uniq_crazy_yiuf_cottage
D:3:      layout_basic, nicolae_overflow_crystal_walls, first_ration
D:4:      cheibrodos_greedy_goblins, layout_loops_corners, kennysheep_mini_moat,
          hex_tiny
D:5:      layout_rooms, minitemple, nemelex_xobeh_ov_fountains_minmay,
          uniq_edmund
D:6:      layout_basic, minmay_temple_entry_tees
D:7:      layout_rooms, basic_altar, st_stairs_5
D:8:      layout_cave_pools, lair_entry_dummy, basic_altar,
          kb_lookout_dungeons_type, grunt_pizzeria, uniq_harold, uniq_joseph,
          uniq_maurice, uniq_psyche, uniq_grum

Skill      XL: |  1  2  3  4  5  6  7  8  9 10 |
---------------+-------------------------------+-----
Fighting       | 2 3 4 5 6 8 9 10 12 | 12.2
Dodging        | 3 5 8 |  8.7
Invocations    | 4 8 |  8.6
Evocations     | 5 6 |  6.0
Short Blades   | |  1.0
Stealth        | |  1.0

Action                   |  1- 3 |  4- 6 |  7- 9 | 10-12 || total
-------------------------+-------+-------+-------+-------++-------
Melee: Short sword       |    98 |    23 |       |       ||   121
       Hand axe          |       |    18 |       |       ||    18
       Mace              |       |    66 |       |       ||    66
       Quarterstaff      |       |    40 |   277 |    59 ||   376
       Unarmed           |       |       |       |     7 ||     7
 Abil: Draw Destruction  |       |       |     4 |     8 ||    12
       Draw Summoning    |       |       |     1 |     2 ||     3
       Draw Escape       |       |       |     1 |       ||     1
Evoke: Wand              |     2 |     9 |    19 |    12 ||    42
  Use: Scroll            |       |     7 |     3 |       ||    10
       Potion            |       |     1 |     3 |     8 ||    12
 Stab: Sleeping          |     4 |     1 |     1 |       ||     6
       Paralysed         |       |     1 |     9 |       ||    10
       Confused          |       |       |     2 |       ||     2
  Eat: Chunk             |       |     8 |    13 |     1 ||    22
       Ration            |       |       |       |     1 ||     1
Armor: Leather armour    |    20 |    65 |    91 |       ||   176
       Chain mail        |       |       |    12 |    73 ||    85
Dodge: Dodged            |    68 |   126 |   200 |    60 ||   454
